 Dungeon Crawl Stone Soup version 0.17-a0-1945-gfe993df (webtiles) character file.

87 dpvblackbelt the Conjurer (level 4, -2/24 HPs)
             Began as a Deep Elf Conjurer on Sept 30, 2015.
             Killed by divine providence
             ... invoked by an orc priest
              (14 damage)
             ... on level 3 of the Dungeon.
             The game lasted 00:06:52 (2783 turns).

dpvblackbelt the Conjurer (Deep Elf Conjurer)       Turns: 2783, Time: 00:06:52

Health: -2/24      AC:  3    Str:  5    XL:     4   Next: 28%
Magic:  4/12       EV: 13    Int: 21    God:
Gold:   139        SH:  0    Dex: 15    Spells: 3 memorised, 5 levels left

rFire  . . .     SeeInvis .     l - +2 dagger (venom)
rCold  . . .     Clarity  .     a - +0 robe
rNeg   . . .     SustAt   .     (no shield)
rPois  .         Gourm    .     (no helmet)
rElec  .         Spirit   .     (no cloak)
rCorr  .         Warding  .     k - +0 pair of gloves
rMut   .         Stasis   .     (no boots)
MR     .....                    (no amulet)
Stlth  ++........               (no ring)
                                (no ring)

@: not resistant to hostile enchantments, unstealthy
A: no striking features
a: no special abilities


You were on level 3 of the Dungeon.
You were very hungry.

You visited 1 branch of the dungeon, and saw 3 of its levels.

You collected 139 gold pieces.

Inventory:

Hand weapons
 i - a +0 dagger
   (You found it on level 1 of the Dungeon)
 l - a +2 dagger of venom (weapon)
   (You took it off a kobold on level 1 of the Dungeon)
Missiles
 r - 2 throwing nets {=f, !d}
Armour
 a - a +0 robe (worn)
 k - a +0 pair of gloves (worn)
   (You found it on level 1 of the Dungeon)
 o - a +1 pair of boots
   (You found it on level 2 of the Dungeon)
Scrolls
 g - 3 scrolls of identify {unknown}
 h - 2 scrolls of immolation {unknown}
 p - 3 scrolls of remove curse {unknown}
 q - a scroll of teleportation {unknown}
Potions
 d - 3 potions of lignification {unknown}
 e - a potion of heal wounds {unknown}
 j - 2 potions of curing {unknown}
 m - a potion of ambrosia {unknown}
Books
 b - a book of Conjurations
Comestibles
 c - 6 bread rations {@e1@e1}
 f - 2 meat rations {@e2@e2}
 n - 11 fruits
 s - a slice of pizza


   Skills:
 - Level 2.4 Dodging
 - Level 2.4 Stealth
 + Level 4.8 Spellcasting
 - Level 5.4 Conjurations


You had 5 spell levels left.
You knew the following spells:

 Your Spells              Type           Power        Failure   Level  Hunger
a - Magic Dart            Conj           ####         1%          1    None
b - Searing Ray           Conj           ####..       1%          2    None
x - Iskenderun's Mystic   Conj           ####....     14%         4    ####...


Dungeon Overview and Level Annotations

Branches:
Dungeon (3/15)

Altars:
Ru


Message History

Aim: a hobgoblin, wielding a club (moderately wounded)
The magic dart hits the hobgoblin.
You now have 10/12 mp.
You barely miss the hobgoblin. The hobgoblin closely misses you.
A goblin comes into view. It is wielding a club.
You closely miss the hobgoblin. The hobgoblin closely misses you.
The goblin shouts!
You hit the hobgoblin.
The hobgoblin is poisoned.
You closely miss the hobgoblin. The hobgoblin barely misses you.
You barely miss the hobgoblin.
You kill the hobgoblin!
Things that are here:
a club; a hobgoblin corpse The goblin hits you with a club.
You take 2 damage, and have 22/24 hp.
You hit the goblin.
You kill the goblin!
g - 3 scrolls labeled GYOSYI OXIBOTEUMP (gained 1)
Things that are here:
a club; a goblin corpse MP restored: 12 You start resting.
Health restored: 24 You are starving!
You are too hungry to fight recklessly!
You need to eat something NOW!
Eat which item? (? for menu, Esc to quit)
You are feeling very hungry.
That choko was very bland.
A bat comes into view.
A bat is nearby!
A bat is nearby!
A bat is nearby!
The bat misses you. The bat hits you but does no damage. The bat misses you.
You hit the bat.
The bat is poisoned.
You kill the bat!
No target in view!
No target in view!
You see here a bat corpse.
You butcher the bat corpse.
t - a chunk of flesh {@w0@w0} Eating a chunk of flesh {@w0@w0}.
You continue eating. x2
Found a stone staircase leading up.
d - 3 metallic emerald potions (gained 1)
A hobgoblin comes into view.
A hobgoblin is nearby!
A hobgoblin is nearby!
A hobgoblin is nearby!
The hobgoblin shouts!
You hit the hobgoblin.
The hobgoblin is poisoned.
The hobgoblin hits you but does no damage.
You hit the hobgoblin.
The hobgoblin looks even sicker.
The hobgoblin barely misses you.
You hit the hobgoblin.
You kill the hobgoblin!
No target in view!
No target in view!
No target in view!
You are feeling hungry.
You see here a dagger.
p - 3 scrolls labeled JYLAZXY BEIRAS (gained 1)
Things that are here:
a club; a hobgoblin skeleton An orc comes into view.
It is wielding a flail.
The orc shouts!
The orc barely misses you.
You hear a shout!
You hit the orc.
The orc is poisoned.
An orc is nearby!
An orc is nearby!
You hit the orc but do no damage.
The orc looks even sicker.
The orc hits you with a flail.
An orc is nearby!
You take 2 damage, and have 22/24 hp.
You hit the orc.
You kill the orc!
Things that are here:
a flail; a leather armour; an orc corpse No target in view!
An orc priest comes into view. It is wielding a flail.
An orc comes into view. It is wielding a whip.
You completely miss the orc.
The orc priest calls down the wrath of Beogh upon you.
Something smites you! The orc closely misses you.
You take 10 damage, and have 12/24 hp.
MASSIVE DAMAGE!!
Okay, then.
Aim: an orc, wielding a whip The orb of energy hits the orc.
You kill the orc!
You are feeling very hungry.
You now have 8/12 mp.
Aim: an orc priest, wielding a flail and wearing a ring mail The orb of energy misses the orc priest.
The orc priest mumbles some strange prayers to Beogh against you.
Something smites you!
Ouch! That really hurt!
You die...

........#.#.#......# #.......
#.##....#.#.##.##..# ###.......
..........#.##.#...## #.........
#.##........##.#.#..####.....####
...+.............................
#.##.....รท..##.####..###.....####
...'.........o.............###
#.##........##.#####.#####.######
#.##....)...##.)@).......#.#.....
#.##........########..##.#.#.####
...#........# ##.##.#.#.#..#
...##################.##.#.#.#..#
.................................
..[#####......#######..#.#.#.#..#
...# #......# ##.#.#.#.#..# ...#
#......# #...#.#.#..# ...#
#......#########..#.#.....


You could see an orc priest.

Vanquished Creatures
  An adder (D:2)
  An ooze (D:1)
  A worm (D:3)
  5 giant geckos
  3 orcs (D:3)
  4 bats
  7 giant cockroaches
  6 goblins
  7 hobgoblins
  6 jackals
  7 giant newts
  6 kobolds
  3 rats
57 creatures vanquished.

Notes
Turn   | Place    | Note
--------------------------------------------------------------
     0 | D:1      | dpvblackbelt the Deep Elf Conjurer began the quest for the Orb.
     0 | D:1      | Reached XP level 1. HP: 10/10 MP: 6/6
   285 | D:1      | Reached XP level 2. HP: 15/15 MP: 8/8
   313 | D:1      | Reached skill level 5 in Conjurations
   476 | D:1      | HP: 3/15 [poisoned by a kobold]
   995 | D:1      | Reached XP level 3. HP: 19/19 MP: 9/9
  1526 | D:2      | Reached skill level 4 in Spellcasting
  1978 | D:3      | Found a sacrificial altar of Ru.
  2159 | D:3      | Reached XP level 4. HP: 24/24 MP: 12/12
  2245 | D:3      | Learned a level 2 spell: Searing Ray
  2250 | D:3      | Learned a level 4 spell: Iskenderun's Mystic Blast
  2783 | D:3      | Killed from afar by an orc priest

Vault maps used:
D:1:      ncdulo_wetmaze
D:2:      guppyfry_early_lair_pool
D:3:      nicolae_ru_awakened_eye

Action                   |  1- 3 |  4- 6 || total
-------------------------+-------+-------++-------
Melee: Unarmed           |     2 |       ||     2
       Dagger            |    67 |    34 ||   101
 Cast: Magic Dart        |    44 |     2 ||    46
       Iskenderun's Myst |       |     2 ||     2
 Stab: Sleeping          |     6 |     1 ||     7
  Eat: Chunk             |     3 |     1 ||     4
       Fruit             |       |     1 ||     1

Vault maps used:
D:1:      ncdulo_wetmaze
D:2:      guppyfry_early_lair_pool
D:3:      nicolae_ru_awakened_eye

Table legend:
 A = Turns spent in this place as a percentage of turns spent in the entire game.
 B = Non-inter-level travel turns spent in this place as a percentage of non-inter-level travel turns spent in the entire game.
 C = Inter-level travel turns spent in this place as a percentage of turns spent in this place.
 D = Turns resting spent in this place as a percentage of non-inter-level travel turns spent in this place.
 E = Turns spent auto-exploring this place as a percentage of non-inter-level travel turns spent in this place.
 F = Non-inter-level travel turns spent in this place divided by the number of levels of this place that you've seen.
                   A       B       C       D       E      F
               +-------+-------+-------+-------+-------+----------------------
         Total | 100.0 | 100.0 |   0.3 |   3.3 |  13.0 | 235.3
       Dungeon | 100.0 | 100.0 |   0.3 |   3.3 |  13.0 | 235.3
               +-------+-------+-------+-------+-------+----------------------

Table legend:
 A = Kills in this place as a percentage of kills in entire the game.
 B = Kills by you in this place as a percentage of kills by you in the entire game.
 C = Kills by friends in this place as a percentage of kills by friends in the entire game.
 D = Other kills in this place as a percentage of other kills in the entire game.
 E = Experience gained in this place as a percentage of experience gained in the entire game.
 F = Experience gained in this place divided by the number of levels of this place that you have seen.
                   A       B       C       D       E      F
               +-------+-------+-------+-------+-------+----------------------
         Total | 100.0 | 100.0 |  -nan |  -nan | 100.0 |  41.7
       Dungeon | 100.0 | 100.0 |  -nan |  -nan | 100.0 |  41.7
               +-------+-------+-------+-------+-------+----------------------
